 Dungeon Crawl Stone Soup version 0.24.0-10-g970556be89 (console) character file.

Game seed: 5268828466161966458, levelgen mode: deterministic

25 AlterAsc the Ruffian (level 2, -1/34 HPs)
             Began as a Draconian Transmuter on Nov 3, 2019.
             Slain by a scorpion (2 damage)
             ... on level 2 of the Dungeon.
             The game lasted 00:02:34 (746 turns).

AlterAsc the Ruffian (Draconian Transmuter)          Turns: 746, Time: 00:02:35

Health: -1/34      AC: 21    Str: 12    XL:     2   Next: 86%
Magic:  5/5        EV:  2    Int: 13    God:
Gold:   36         SH:  0    Dex: 11    Spells: 4/5 levels left

rFire    . . .     SeeInvis .     - Unarmed
rCold    . . .     Gourm    .   (no shield)
rNeg     + + +     Faith    .   (armour unavailable)
rPois    +         Spirit   .   (helmet currently unavailable)
rElec    .         Reflect  .   (cloak currently unavailable)
rCorr    .         Harm     .   (gloves currently unavailable)
MR       .....     NoTele   +   (boots currently unavailable)
Stlth    +.........             (no amulet)
HPRegen  0.11/turn              (no ring)
MPRegen  0.09/turn              (no ring)

@: lethally poisoned (-1 -> -7), tree-form
A: unfitting armour, AC +4
a: no special abilities


You were on level 2 of the Dungeon.
You were not hungry.
You were a tree.
You visited 1 branch of the dungeon, and saw 2 of its levels.

You collected 36 gold pieces.

Inventory:

Missiles
 a - 33 arrows
Scrolls
 d - a scroll of identify {unknown}
 e - 3 scrolls of teleportation {unknown}
 f - a scroll of blinking {unknown}
Potions
 h - a potion of resistance {unknown}
 i - a potion of curing {unknown}
 j - a potion of haste {unknown}
Comestibles
 b - a chunk of flesh
 c - 5 rations


   Skills:
 + Level 1.6 Fighting
 + Level 2.1 Dodging
 * Level 3.3 Unarmed Combat
 + Level 2.2 Spellcasting
 + Level 2.2 Transmutations


You had 4 spell levels left.
You knew the following spells:

 Your Spells              Type           Power        Failure   Level  Hunger
a - Beastly Appendage     Tmut           #.....       10%         1    ##.....

Your spell library contained the following spells:

 Spells                   Type           Power        Failure   Level  Hunger
 Sticks to Snakes         Tmut           #.......     16%         2    ###....
 Spider Form              Tmut/Pois      #.........   43%         3    ####...
 Ice Form                 Ice/Tmut       #.......     85%         4    #####..
 Blade Hands              Tmut           #.........   95%         5    ######.


Dungeon Overview and Level Annotations

Branches:
Dungeon (2/15)

Altars:
Fedhas


Innate Abilities, Weirdness & Mutations

((Your plain brown scales are hard. (AC +4)))
You cannot fit into any form of body armour.
((You are cold-blooded and may be slowed by cold attacks.))


Message History

* * * LOW HITPOINT WARNING * * *
It was a potion of lignification.
Your horns disappear.
You turn into a tree.
Your roots penetrate the ground.
* * * LOW HITPOINT WARNING * * *
You feel sick.
The scorpion stings you but does no damage.
You hit the scorpion.
The scorpion is heavily wounded.
* * * LOW HITPOINT WARNING * * *
You feel sick.
The scorpion stings you but does no damage.
You hit the scorpion but do no damage.
The scorpion is heavily wounded.
The scorpion barely misses you.
You hit the scorpion but do no damage.
The scorpion is heavily wounded.
* * * LOW HITPOINT WARNING * * *
You feel sick. The scorpion stings you.
You die...

#...# #.##.#.........##.....
####...#####.##.#..###......##...
.............##.#..###......##.##
.<..................≈.......##.##
.............##.>...≈.......#...#
####...#####........≈≈......#....
#...# ###.##....≈≈######....
#...# #.#.#####≈.# ####. #...#
#...#♣####≈.# #######. ..#..
#.#..s#...≈≈# #....... ..###.
#..#.#####≈≈###)###### ##..#
#....≈≈...# .#. ###..≈≈≈### #..#
#.[#≈## #.. #..### ### ####


You could see a scorpion.

Vanquished Creatures
  A worm (D:2)
  3 bats
  2 giant cockroaches
  A hobgoblin (D:1)
  A ball python (D:1)
  2 frilled lizards (D:1)
  5 goblins
  A kobold (D:1)
  7 rats
23 creatures vanquished.

Notes
Turn   | Place    | Note
-------+----------+-------------------------------------------
     0 | D:1      | AlterAsc the Draconian Transmuter began the quest for the
                  | Orb.
     0 | D:1      | Reached XP level 1. HP: 16/16 MP: 3/3
   112 | D:1      | Reached XP level 2. HP: 16/23 MP: 5/5
   627 | D:2      | Found a blossoming altar of Fedhas.
   730 | D:2      | Noticed a scorpion
   746 | D:2      | HP: 1/34 [poisoned by a scorpion]
   746 | D:2      | Slain by a scorpion

Levels and vault maps discovered:
D:1:      dpeg_arrival_rooms_b, layout_rooms
D:2:      layout_loops_cross, bloody_trog, fedhas_ov_isle_minmay,
          marbit_many_paths, serial_rivers, chequers_serial_rivers_marsh,
          chequers_serial_rivers_micro_d, chequers_serial_rivers_small_a,
          chequers_serial_rivers_micro_b, chequers_serial_rivers_small_a,
          uniq_terence, uniq_robin

Skill      XL: |  1  2 |
---------------+-------+-----
Dodging        | 2 |  2.1
Fighting       | |  1.6
Unarmed Combat | |  3.3
Spellcasting   | |  2.2
Transmutations | |  2.2

Action                   || total
-------------------------++-------
Melee: Unarmed           ||    91
       Tailslap          ||     7
       Kick              ||     6
       Punch             ||     1
       Headbutt          ||     5
 Cast: Beastly Appendage ||    16
  Use: Potion            ||     1
Armor: Skin              ||    47
Dodge: Dodged            ||    71
